 Dungeon Crawl Stone Soup version 0.26-a0-672-g1df16c3386 (webtiles) character file.

Game seed: 16646839204269321495

76 mandarbmax the Chopper (level 4, 0/38 HPs)
             Began as a Hill Orc Gladiator on Oct 20, 2020.
             Was a Believer of Uskayaw.
             Slain by a centaur zombie (5 damage)
             ... on level 5 of the Dungeon.
             The game lasted 00:04:44 (2022 turns).

mandarbmax the Chopper (Hill Orc Gladiator)         Turns: 2022, Time: 00:04:45

Health: 0/38       AC:  5    Str: 17    XL:     4   Next: 32%
Magic:  1/4        EV: 12    Int: 14    God:    Uskayaw [**....]
Gold:   111        SH:  0    Dex: 12    Spells: 3/3 levels left

rFire    . . .     SeeInvis .   a - +1 war axe
rCold    . . .     Faith    .   (no shield)
rNeg     . . .     Spirit   .   b - +0 leather armour
rPois    .         Reflect  .   c - +1 helmet
rElec    .         Harm     .   (no cloak)
rCorr    .         Rampage  .   (no gloves)
MR       .....                  (no boots)
Stlth    +.........             f - amulet of inaccuracy (curse)
HPRegen  0.12/turn              i - +6 ring of intelligence
MPRegen  0.09/turn              (no ring)

@: hasted, very quick
A: no striking features
a: Stomp, Line Pass, Renounce Religion


You were on level 5 of the Dungeon.
You worshipped Uskayaw.
Uskayaw was noncommittal.
You visited 1 branch of the dungeon, and saw 5 of its levels.

You collected 111 gold pieces.

Inventory:

Hand Weapons
 a - a +1 war axe (weapon)
Missiles
 d - 2 throwing nets (quivered)
 h - 2 boomerangs
Armour
 b - a +0 leather armour (worn)
 c - a +1 helmet (worn)
Jewellery
 e - an uncursed amulet of faith {unknown}
 f - a cursed amulet of inaccuracy (around neck)
 g - a +6 ring of dexterity {unknown}
 i - a +6 ring of intelligence (left hand)
Potions
 k - a potion of cancellation {unknown}


   Skills:
 - Level 3.0 Fighting
 + Level 5.4 Axes
 - Level 2.0 Throwing
 - Level 3.0 Dodging
 + Level 1.0 Invocations


You had 3 spell levels left.
You didn't know any spells.
Your spell library was empty.

Dungeon Overview and Level Annotations

Branches:
Dungeon (6/15)
 Temple: D:4-7

Altars:
Gozag
Okawaru
Uskayaw
Zin


Message History

Unknown command.
You slash the jackal!
You kill the jackal!
You barely miss something. You slash the centaur zombie!
The centaur zombie closely misses you.
Something wriggles in the net.
The centaur zombie hits you.
Something wriggles in the net.
All of a sudden the net rips apart!
You can now pass through a line of other dancers.
You don't have enough magic at the moment.
Okay, then.
You slash the ice beast!
The ice beast is moderately wounded.
You hit something. You hit the centaur zombie. The centaur zombie hits you.
The ice beast hits you. The ice beast freezes you!
* * * LOW HITPOINT WARNING * * *
Something barely misses you.
Unknown command.
It was a potion of haste.
You feel yourself speed up. The centaur zombie hits you.
You die...

#######.###
#@Y>.......
#Z{........
#.........)
#..(.......
#..>=......
#.......!..
#..........
###########


You could see an ice beast and a centaur zombie.

Vanquished Creatures
  Robin (D:2)
  A gnoll (D:1)
  An ooze (D:1)
  A worm (D:2)
  A dart slug (D:1)
  A leopard gecko (D:3)
  3 bats
  A giant cockroach (D:2)
  12 goblins
  4 hobgoblins
  4 jackals (D:5)
  2 ball pythons
  A frilled lizard (D:3)
  2 kobolds
  9 rats
44 creatures vanquished.

Notes
Turn   | Place    | Note
-------+----------+-------------------------------------------
     0 | D:1      | mandarbmax the Hill Orc Gladiator began the quest for the
                  | Orb.
     0 | D:1      | Reached XP level 1. HP: 18/18 MP: 1/1
   190 | D:1      | Reached XP level 2. HP: 23/25 MP: 2/2
   294 | D:1      | You fall into a shaft and drop 1 floor!
   592 | D:1      | Reached XP level 3. HP: 18/31 MP: 3/3
  1436 | D:2      | Noticed Robin
  1447 | D:2      | Killed Robin
  1447 | D:2      | Reached skill level 5 in Axes
  1555 | D:2      | Reached XP level 4. HP: 38/38 MP: 4/4
  1567 | D:2      | Found an iron altar of Okawaru.
  1568 | D:2      | Found a hide-covered altar of Uskayaw.
  1572 | D:2      | Became a worshipper of Uskayaw the Reveler
  1648 | D:2      | Reached * piety under Uskayaw
  1685 | D:2      | Found a glowing silver altar of Zin.
  1686 | D:2      | Found an opulent altar of Gozag.
  1990 | D:3      | You fall into a shaft and drop 3 floors!
  2007 | D:5      | Entered Level 5 of the Dungeon
  2007 | D:5      | Noticed a sky beast
  2011 | D:5      | Noticed an ice beast
  2017 | D:5      | Reached skill level 1 in Invocations
  2020 | D:5      | Reached ** piety under Uskayaw
  2022 | D:5      | Slain by a centaur zombie

Illustrated notes

Levels and vault maps discovered:
D:1:      lightli_arrival_statue_moat, layout_loops_ring
D:2:      layout_basic, grunt_temple_overflow_gold_and_silver,
          gammafunk_temple_overflow_statue, uniq_sigmund, uniq_robin,
          uniq_jessica, uniq_terence
D:3:      layout_loops_ring, overflow_temple_1_default
D:5:      cheibrodos_quashed, layout_rooms
D:6:      layout_basic, chequers_temple_overflow_statue_of_worship,
          minmay_temple_entry_trees, serial_shops, nicolae_shop_behind_doors,
          basic_altar, st_stairs_6

Skill      XL: |  1  2  3  4 |
---------------+-------------+-----
Throwing       | 2 |  2.0
Fighting       | 3 |  3.0
Dodging        | 3 |  3.0
Axes           | 5 |  5.4
Invocations    | 1 |  1.0

Action                   |  1- 3 |  4- 6 || total
-------------------------+-------+-------++-------
Melee: War axe           |   104 |    42 ||   146
Throw: Throwing net      |     1 |     1 ||     2
       Boomerang         |     1 |       ||     1
Invok: Stomp             |       |     1 ||     1
  Use: Scroll            |       |     2 ||     2
       Potion            |       |     1 ||     1
 Stab: Distracted        |     1 |       ||     1
Armor: Leather armour    |    36 |    21 ||    57
Dodge: Dodged            |    50 |    31 ||    81

Table legend: (Time is in decaauts)
 A = Elapsed time spent in this place.
 B = Non-inter-level travel time spent in this place.
 C = Inter-level travel time spent in this place.
 D = Time resting spent in this place.
 E = Time spent auto-exploring this place.
 F = Levels seen in this place.
 G = Mean time per level.
                   A        B        C        D        E       F      G
               +--------+--------+--------+--------+--------+-----+--------+
         Total |   2062 |   1992 |     70 |    350 |   1284 |   5 |  412.4 |
       Dungeon |   2062 |   1992 |     70 |    350 |   1284 |   5 |  412.4 |
               +--------+--------+--------+--------+--------+-----+--------+

Top non-repeatable levels by time:
     D:1: 1214 daAuts
     D:2: 668 daAuts
     D:3: 144 daAuts
     D:5: 16 daAuts
     D:6: 16 daAuts
